 Dungeon Crawl Stone Soup version 0.32-a0-685-g93135e86f0 (webtiles) character file.

Game seed: 12655385122011342279

58 warriortoast the Conjurer (level 3, 0/26 HPs)
             Began as a Draconian Conjurer on Mar 10, 2024.
             Slain by Terence
             ... wielding a +0 morningstar
              (4 damage)
             ... on level 3 of the Dungeon on Mar 12, 2024.
             The game lasted 00:03:40 (2275 turns).

warriortoast the Conjurer (Draconian Conjurer)      Turns: 2275, Time: 00:03:41

Health: 0/26       AC:  5    Str: 11    XL:     3   Next: 76%
Magic:  0/7        EV:  2    Int: 18    God:
Gold:   148        SH:  0    Dex:  9    Spells: 6/7 levels left

rFire   . . .        f - +0 dagger
rCold   . . .        (no shield)
rNeg    . . .        (body armour unavailable)
rPois   .            (helmet restricted)
rElec   .            (no cloak)
rCorr   .            (no gloves)
SInv    .            (no boots)
Will    .....        (no amulet)
Stlth   ++           (no ring)
HPRegen 0.24/turn    (no ring)
MPRegen 0.10/turn

%: no passive effects
@: constricted
A: AC +5, unfitting armour, cold-blooded
a: no special abilities


You were on level 3 of the Dungeon.
You visited 1 branch of the dungeon, and saw 3 of its levels.

You collected 148 gold pieces.

Inventory:

Hand Weapons
 f - a +0 dagger (weapon)
Armour
 k - a scarf of harm
Magical Staves
 b - a staff of earth
Jewellery
 g - a ring of ice
 h - an amulet of regeneration
Scrolls
 c - a scroll of enchant armour {unknown}
 d - a scroll of enchant weapon {unknown}
 e - 2 scrolls of identify {unknown}
 j - 2 scrolls of teleportation {unknown}
Potions
 a - a potion of magic
 i - a potion of invisibility {unknown}
 l - a potion of enlightenment {unknown}


   Skills:
 - Level 1.7 Dodging
 + Level 2.7 Stealth
 + Level 2.7 Spellcasting
 + Level 4.5 Conjurations


You had 6 spell levels left.
You knew the following spells:

 Your Spells              Type           Power      Damage    Failure   Level
a - Magic Dart            Conj           72%        1d6       2%          1

Your spell library contained the following spells:

 Spells                   Type           Power      Damage    Failure   Level
 Searing Ray              Conj           36%        2d5       4%          2
 Fulminant Prism          Conj/Alch      5%         3d7       54%         4
 Iskenderun's Mystic Bla  Conj/Tloc      10%        2d4       54%         4


Dungeon Overview and Level Annotations

Branches:
Dungeon (3/15)

Altars:

Annotations:
D:2 Sigmund
D:3 Terence


Innate Abilities, Weirdness & Mutations

Your plain brown scales are hard. (AC +5)
You cannot fit into any form of body armour.
You are cold-blooded and may be slowed by cold attacks.


Message History

Found 9 gold pieces.
The magic dart hits Terence.
Terence is moderately wounded.
The magic dart hits Terence but does no damage.
Terence is moderately wounded.
A ball python comes into view.
The magic dart hits Terence.
Terence is moderately wounded.
The ball python hisses angrily.
Terence hits you with a +0 morningstar!
The magic dart hits Terence but does no damage.
Terence is moderately wounded.
Terence barely misses you.
The magic dart hits Terence but does no damage.
Terence is moderately wounded.
Terence misses you.
The magic dart hits Terence but does no damage.
Terence is moderately wounded.
Terence misses you.
The magic dart hits Terence.
Terence is severely wounded.
Terence hits you with a +0 morningstar!
Ouch! That really hurt!
* * * LOW HITPOINT WARNING * * *
The ball python bites you but does no damage.
You are too injured to fight recklessly!
You are too injured to fight recklessly!
You are too injured to fight recklessly!
You are too injured to fight recklessly!
Unknown command.
Level annotation: Terence Welcome back, warriortoast the Draconian Conjurer.
Press ? for a list of commands and other information.
The ball python barely misses you. The ball python grabs you.
The ball python constricts you.
* * * LOW HITPOINT WARNING * * *
The ball python's grasp on you weakens, but your attempt to escape fails.
Terence hits you with a +0 morningstar.
You die...
Terence says, "Time to find some more victims."

#.# .. #.# $#. #.#
# .. #.# #.#. ##
#.# .#.##.# #.#
.....# #.# #.#..#
#.## #.#.#@# #..#
#..@S# ##.#
##.#.######### #.#
#.#.......... #.#
##†#..######## #.#
##..#..##### #.#
#............ #.#
##..#..###### #.#
#..#..#
#.#########..#....


You could see Terence and a ball python.

Vanquished Creatures
  2 adders (D:2)
  A dart slug (D:3)
  4 endoplasms
  2 giant cockroaches
  4 goblins
  4 hobgoblins
  A jackal (D:1)
  A kobold (D:2)
  4 ball pythons
  3 bats
  3 frilled lizards (D:1)
  8 rats
37 creatures vanquished.

Notes
Turn   | Place    | Note
-------+----------+-------------------------------------------
     0 | D:1      | warriortoast the Draconian Conjurer began the quest for the
                  | Orb.
     0 | D:1      | Reached XP level 1. HP: 14/14 MP: 3/3
   320 | D:1      | Found a faded altar of an unknown god.
   383 | D:1      | Reached XP level 2. HP: 8/20 MP: 0/5
  1210 | D:2      | Reached XP level 3. HP: 19/26 MP: 1/6
  1475 | D:2      | Noticed Sigmund
  2266 | D:3      | Noticed Terence
  2274 | D:3      | Upgraded the game from 0.32-a0-673-g3729bd50f8 to
                  | 0.32-a0-685-g93135e86f0
  2275 | D:3      | Slain by Terence

Illustrated notes

Levels and vault maps discovered:
D:1:      dpeg_arrival_brainrot, layout_loops_ring,
          hellmonk_ecumenical_altar_zigzags, serial_glass, glass_columns_c,
          glass_columns_a, glass_columns_a, glass_columns_b, glass_columns_b,
          minmay_misc_feat_rows
D:2:      layout_basic, reono_crystal_passage, st_stairs_8, uniq_sigmund
D:3:      layout_loops_ring, uniq_terence, uniq_grinder,
          uniq_crazy_yiuf_cottage, uniq_jessica

Skill      XL: |  1 |
---------------+----+-----
Stealth        | 2 |  2.7
Dodging        | |  1.7
Spellcasting   | |  2.7
Conjurations   | |  4.5

Action                     || total
---------------------------++-------
  Melee: Dagger            ||    11
   Cast: Magic Dart        ||    82
 Armour: Skin              ||    43
  Dodge: Dodged            ||    13

Table legend: (Time is in decaauts)
 A = Elapsed time spent in this place.
 B = Non-inter-level travel time spent in this place.
 C = Inter-level travel time spent in this place.
 D = Time resting spent in this place.
 E = Time spent auto-exploring this place.
 F = Levels seen in this place.
 G = Mean time per level.
                   A        B        C        D        E       F      G
               +--------+--------+--------+--------+--------+-----+--------+
         Total |   2276 |   2155 |    121 |    220 |   1659 |   3 |  758.7 |
       Dungeon |   2276 |   2155 |    121 |    220 |   1659 |   3 |  758.7 |
               +--------+--------+--------+--------+--------+-----+--------+

Top non-repeatable levels by time:
     D:1: 1207 daAuts
     D:2: 915 daAuts
     D:3: 153 daAuts
